 Dungeon Crawl Stone Soup version 0.24.0-37-gcf1ca852f1 (webtiles) character file.

Game seed: 9622051224012109852, levelgen mode: deterministic

51 Descartes the Skirmisher (level 4, -4/37 HPs)
             Began as a Formicid Abyssal Knight on Nov 23, 2019.
             Was a Follower of Lugonu.
             Shot with an arrow by a centaur (7 damage)
             ... on level 2 of the Dungeon.
             The game lasted 00:03:12 (1602 turns).

Descartes the Skirmisher (Formicid Abyssal Knight)  Turns: 1602, Time: 00:03:12

Health: -4/37      AC:  3    Str: 16    XL:     4   Next: 7%
Magic:  6/6        EV: 11    Int: 13    God:    Lugonu [*.....]
Gold:   38         SH:  0    Dex: 10    Spells: 3/3 levels left

rFire    . . .     SeeInvis +   m - +2 hand axe (freeze)
rCold    . . .     Gourm    .   (no shield)
rNeg     . . .     Faith    .   b - +0 leather armour
rPois    .         Spirit   .   (helmet unavailable)
rElec    .         Reflect  .   (no cloak)
rCorr    .         Harm     .   (no gloves)
MR       .....                  (no boots)
Stlth    +.........             p - amulet of rage
HPRegen  0.12/turn              (no ring)
MPRegen  0.10/turn              (no ring)

@: no status effects
A: permanent stasis, dig shafts and tunnels, four strong arms, antennae 3
a: Dig, Shaft Self, Depart the Abyss, Renounce Religion


You were on level 2 of the Dungeon.
You worshipped Lugonu.
Lugonu was aware of your devotion.
You were not hungry.

You visited 1 branch of the dungeon, and saw 2 of its levels.
You visited the Abyss 1 time.

You collected 38 gold pieces.

Inventory:

Hand Weapons
 a - a +1 hand axe
 m - a +2 hand axe of freezing (weapon)
Missiles
 d - 19 arrows
 e - 4 atropa-tipped darts (quivered)
 f - 49 stones
Armour
 b - a +0 leather armour (worn)
Jewellery
 p - an amulet of rage (around neck)
Scrolls
 g - a scroll of blinking {unknown}
 h - a scroll of enchant weapon {unknown}
 j - a scroll of teleportation {unknown}
 n - a scroll of fog {unknown}
 q - 2 scrolls of identify {unknown}
Potions
 i - a potion of cancellation {unknown}
 k - a potion of agility {unknown}
 l - a potion of heal wounds {unknown}
Comestibles
 c - 6 rations
 o - 4 chunks of flesh


   Skills:
 + Level 3.8 Fighting
 + Level 2.4 Axes
 + Level 3.1 Armour
 + Level 1.1 Dodging
 + Level 2.7 Invocations


You had 3 spell levels left.
You didn't know any spells.
Your spell library was empty.

Dungeon Overview and Level Annotations

Branches:
Dungeon (2/15)

Altars:
Cheibriados


Innate Abilities, Weirdness & Mutations

You cannot be hasted, slowed, berserked, paralysed or teleported.
You can dig through walls and to a lower floor.
Your four strong arms can wield two-handed weapons with a shield.
You have a pair of large antennae on your head. (SInv)


Message History

Things that are here:
2 arrows; a ration You are too injured to fight recklessly!
You are too injured to fight recklessly!
You are too injured to fight recklessly!
You are too injured to fight recklessly!
The centaur shoots an arrow.
The arrow closely misses you.
Found a glowing hand axe.
A goblin comes into view.
The centaur shoots an arrow.
The arrow hits you!
* * * LOW HITPOINT WARNING * * *
The centaur shoots an arrow.
The arrow barely misses you.
You see here 2 arrows.
The goblin closely misses you.
Some of the chunks of flesh in your inventory have rotted away.
You extend your mandibles.
You dig through the rock wall.
The centaur shoots an arrow.
The arrow closely misses you. The goblin closely misses you.
The centaur shoots an arrow.
The arrow hits you!
You die...

#)<... .. #..... ..# #.....
#.# #..... #.# ###.#. #.#
#.#. ##.#.# #.## #..#.##
#..# . ###c##g@# ##..
#.###....#.##{ #..
#........#.# .. #..
#)....(#.# #.. #..
#....c.###.# .>. #####..
###....#......#{#.##......
##...(..#......#.#..#.#....
#.......#......#.##...#....
#..#.....#........###..#....


You could see a centaur and a goblin.

Vanquished Creatures
  2 adders (D:2)
  A dart slug (D:1)
  7 bats
  2 giant cockroaches (D:1)
  6 goblins
  3 hobgoblins
  7 kobolds
  3 rats (D:1)
31 creatures vanquished.

Notes
Turn   | Place    | Note
-------+----------+-------------------------------------------
     0 | Abyss:1  | Descartes the Formicid Abyssal Knight began the quest for
                  | the Orb.
     0 | Abyss:1  | Reached XP level 1. HP: 18/18 MP: 2/2
    55 | Abyss:2  | Noticed a starcursed mass
    56 | Abyss:2  | Noticed a spatial maelstrom
    60 | D:1      | Escaped the Abyss
   219 | D:1      | Reached XP level 2. HP: 21/24 MP: 3/3
   226 | D:1      | Reached * piety under Lugonu
   823 | D:1      | Reached XP level 3. HP: 30/30 MP: 5/5
  1040 | D:1      | Reached skill level 1 in Dodging
  1360 | D:2      | Found a snail-covered altar of Cheibriados.
  1584 | D:2      | Reached XP level 4. HP: 32/37 MP: 6/6
  1595 | D:2      | Noticed a centaur
  1602 | D:2      | Shot with an arrow by a centaur

Levels and vault maps discovered:
D:1:      nicolae_arrival_somewhat_less_tricky_arrival, layout_basic
D:2:      layout_rooms, nicolae_overflow_hidden_temple

Skill      XL: |  1  2  3 |
---------------+----------+-----
Dodging        | 1 |  1.1
Armour         | 3 |  3.1
Fighting       | |  3.8
Axes           | |  2.4
Invocations    | |  2.7

Action                   |  1- 3 |  4- 6 || total
-------------------------+-------+-------++-------
Melee: Hand axe          |   101 |       ||   101
Invok: Depart the Abyss  |     1 |       ||     1
 Abil: Dig               |     1 |     1 ||     2
  Eat: Chunk             |     2 |       ||     2
Armor: Leather armour    |    30 |       ||    30
Dodge: Dodged            |    71 |     5 ||    76
